 Dungeon Crawl Stone Soup version 0.13-a0-2538-gc238810 (webtiles) character file.

283 Grabo the Insei (level 4, -5/35 HPs)
             Began as a Draconian Transmuter on July 28, 2013.
             Slain by a gnoll
             ... wielding a +2,+2 halberd
              (14 damage)
             ... on Level 3 of the Dungeon.
             The game lasted 00:03:16 (2083 turns).

Grabo the Insei (Draconian Transmuter)              Turns: 2083, Time: 00:03:17

HP  -5/35        AC  6     Str 12      XL: 4   Next: 80%
MP   5/6         EV 12     Int 14      God:
Gold 160         SH  0     Dex 12      Spells:  1 memorised,  6 levels left

Res.Fire  : . . .   See Invis. : .     - Unarmed
Res.Cold  : . . .   Warding    : .   (armour unavailable)
Life Prot.: . . .   Conserve   : .   (no shield)
Res.Poison: .       Res.Corr.  : .   (helmet restricted)
Res.Elec. : .       Clarity    : .   (no cloak)
Sust.Abil.: . .     Spirit.Shd : .   (no gloves)
Res.Mut.  : .       Stasis     : .   j - +0 pair of boots
Res.Rott. : .       Flight     : .   (no amulet)
Saprovore : . . .                    (no ring)
                                     (no ring)

@: appendage, slightly resistant to hostile enchantments, unstealthy
A: unfitting armour, horns 2, AC +5
a: End Transformation


You were on level 3 of the Dungeon.
You were hungry.
You had grown temporary horns.
You visited 1 branch of the dungeon, and saw 3 of its levels.

You collected 140 gold pieces.

Inventory:

Hand weapons
 a - a +0,+0 sling
Missiles
 p - 10 stones (quivered)
Armour
 j - a +0 pair of boots (worn)
Comestibles
 c - an apricot
 m - 2 meat rations
 o - 2 bread rations
 r - a choko
 s - 2 chunks of hobgoblin flesh
Scrolls
 b - a scroll of blinking {unknown}
 e - 4 scrolls of identify {unknown}
 g - a scroll of remove curse {unknown}
 q - a scroll of teleportation {unknown}
 t - a scroll of curse weapon {unknown}
Jewellery
 l - an uncursed amulet of conservation {unknown}
Potions
 f - 2 potions of coagulated blood
 h - 2 potions of curing {unknown}
 i - a potion of restore abilities {unknown}
 k - 2 potions of might {unknown}
Books
 d - a book of Changes

   Spells                             Type                      Level
   *Beastly Appendage                 Transmutation                1
   Sticks to Snakes                   Transmutation                2
   Spider Form                        Transmutation/Poison         3
   Ice Form                           Ice/Transmutation            4
   Blade Hands                        Transmutation                5


   Skills:
 - Level 1.2 Fighting
 - Level 1.7 Dodging
 * Level 4.7 Unarmed Combat
 - Level 2.0 Spellcasting
 + Level 3.3 Transmutations


You had 6 spell levels left.
You knew the following spells:

 Your Spells              Type           Power        Failure   Level  Hunger
a - Beastly Appendage     Trmt           ##....       10%         1    ##.....


Dungeon Overview and Level Annotations

Branches:
Dungeon (3/27)

Altars:


Innate Abilities, Weirdness & Mutations

Your plain brown scales are hard (AC +5).
Your body does not fit into most forms of armour.
Your cold-blooded metabolism reacts poorly to cold.
You have a pair of horns on your head.


Message History

Casting: Beastly Appendage
Confirm with . or Enter, or press ? or * to list all spells.
You grow a pair of large bovine horns.
The gnoll hits you from afar with a halberd!
The gnoll closely misses you.
You see here a fuming pink potion.
You hit the gnoll.
The gnoll is severely wounded.
The gnoll closely misses you. The gnoll barely misses you.
You barely miss the gnoll. You tail-slap the gnoll.
The gnoll is almost dead.
You closely miss the gnoll.
The gnoll is almost dead.
The gnoll hits you from afar with a halberd!
The gnoll hits you with a halberd.
* * * LOW HITPOINT WARNING * * *
You hit the gnoll.
You kill the gnoll!
The gnoll hits you from afar with a halberd!
You die...

..### #.........##### ....#
######.#.....(# ....#
#.#.####.# ....# #.#.#.<#.#
...(# #.#....#.# ....#
#.######.# # ....#
#........#(### ....##.
...#########......###
.........(.(.gg>@.............
....##.....#########......###
....# # #......# #####
#......# ########


You could see 2 gnolls.

Vanquished Creatures
  Ijyb (D:2)
  A gnoll (D:3)
  4 adders
  A giant mite (D:2)
  2 giant geckos (D:2)
  3 orcs (D:3)
  5 bats
  2 giant cockroaches (D:1)
  6 hobgoblins
  8 jackals (D:2)
  6 giant newts
  4 goblins (D:2)
  2 kobolds
  2 rats (D:2)
47 creatures vanquished.

Notes
Turn   | Place    | Note
--------------------------------------------------------------
     0 | D:1      | Grabo, the Draconian Transmuter, began the quest for the Orb.
     0 | D:1      | Reached XP level 1. HP: 16/16 MP: 1/1
   471 | D:1      | Reached XP level 2. HP: 23/23 MP: 3/3
   857 | D:2      | Reached XP level 3. HP: 14/28 MP: 4/4
  1083 | D:2      | Reached skill level 4 in Unarmed Combat
  1501 | D:2      | Noticed Ijyb
  1541 | D:2      | Killed Ijyb
  1541 | D:2      | Reached XP level 4. HP: 22/35 MP: 4/6
  2083 | D:3      | Slain by a gnoll

Action                   |  1- 3 |  4- 6 || total
-------------------------+-------+-------++-------
Melee: Unarmed           |   175 |    44 ||   219
 Fire: Sling             |       |    14 ||    14
Throw: Dart              |    10 |       ||    10
 Cast: Beastly Appendage |     4 |     1 ||     5
